 Dungeon Crawl Stone Soup version 0.21.1-1-g345015f (webtiles) character file.

56 diana the Covered (level 3, -1/33 HPs)
             Began as a Minotaur Fighter on June 8, 2018.
             Slain by Tiareth's ghost (3 damage)
             ... on level 3 of the Dungeon.
             The game lasted 00:01:47 (1492 turns).

diana the Covered (Minotaur Fighter)                Turns: 1492, Time: 00:01:48

Health: -1/33      AC:  7    Str: 26    XL:     3   Next: 71%
Magic:  2/2        EV:  7    Int:  5    God:
Gold:   35         SH: 10    Dex:  9    Spells: 2/2 levels left

rFire    . . .     SeeInvis .   a - +0 war axe
rCold    . . .     Gourm    .   c - +0 shield
rNeg     . . .     Faith    .   b - +0 scale mail
rPois    .         Spirit   .   (helmet restricted)
rElec    .         Reflect  .   (no cloak)
rCorr    .         Harm     .   (no gloves)
MR       .....                  (no boots)
Stlth    ..........             (no amulet)
HPRegen  0.11/turn              (no ring)
MPRegen  0.08/turn              (no ring)

@: mighty, slowed, very slow
A: retaliatory headbutt, horns 2
a: no special abilities


You were on level 3 of the Dungeon.
You were not hungry.

You visited 1 branch of the dungeon, and saw 3 of its levels.

You collected 35 gold pieces.

Inventory:

Hand Weapons
 a - a +0 war axe (weapon)
Armour
 b - a +0 scale mail (worn)
 c - a +0 shield (worn)
Jewellery
 m - a cursed ring of loudness {unknown}
Scrolls
 e - a scroll of fear {unknown}
 g - a scroll of teleportation {unknown}
 h - a scroll of amnesia {unknown}
 i - 4 scrolls of remove curse {unknown}
 k - a scroll of blinking {unknown}
 l - a scroll of fog {unknown}
 p - a scroll of enchant weapon {unknown}
 q - a scroll of magic mapping {unknown}
Potions
 j - a potion of brilliance {unknown}
 n - a potion of invisibility {unknown}
 o - a potion of magic {unknown}
Comestibles
 f - 5 rations


   Skills:
 + Level 4.2 Fighting
 + Level 3.2 Axes
 + Level 4.2 Armour
 + Level 4.2 Shields


You had 2 spell levels left.
You didn't know any spells.

Dungeon Overview and Level Annotations

Branches:
Dungeon (3/15)

Altars:

Annotations:
D:2 Terence
D:3 Tiareth's ghost, amateur DEWz


Innate Abilities, Weirdness & Mutations

You reflexively headbutt those who attack you in melee.
You have a pair of horns on your head.


Message History

You slash the shadow imp! You miss the leopard gecko.
You block the leopard gecko's attack. You block the shadow imp's attack.
The leopard gecko bites you but does no damage.
Tiareth's ghost hits you but does no damage.
The shadow imp hits you.
The leopard gecko bites you but does no damage.
Tiareth's ghost casts a spell at you. The magic dart hits you!
You slash Tiareth's ghost!
Tiareth's ghost is severely damaged.
You closely miss the shadow imp. You closely miss the leopard gecko.
The leopard gecko bites you but does no damage.
The shadow imp gestures at you. Pain shoots through your body!
* * * LOW HITPOINT WARNING * * *
Tiareth's ghost casts a spell at you.
You feel as though you will be slow longer.
You block the leopard gecko's attack. You block the shadow imp's attack.
Tiareth's ghost hits you.
You die...

.........###)#
.............#
..........####
..........##
........#..#
........#..#
#########..#
#.W## #@5=#
....g.l....#
........[.>..(.
...........####
...........#
........>..#
...........#
...........#


You could see Tiareth's ghost, a shadow imp, a leopard gecko and a goblin.

Vanquished Creatures
  2 worms
  3 dart slugs
  A leopard gecko (D:3)
  2 ball pythons
  3 giant cockroaches
  5 goblins (D:1)
  4 hobgoblins (D:1)
  4 jackals (D:2)
  3 kobolds (D:1)
  A ball python zombie (D:1)
  7 bats
  A frilled lizard (D:1)
  A leopard gecko zombie (D:1)
  2 rats (D:1)
39 creatures vanquished.

Notes
Turn   | Place    | Note
-------+----------+-------------------------------------------
     0 | D:1      | diana the Minotaur Fighter began the quest for the Orb.
     0 | D:1      | Reached XP level 1. HP: 19/19 MP: 0/0
   235 | D:1      | Reached XP level 2. HP: 27/27 MP: 1/1
   835 | D:1      | Reached XP level 3. HP: 33/33 MP: 2/2
  1089 | D:2      | Noticed Terence
  1474 | D:3      | Noticed Tiareth's ghost (amateur DEWz)
  1492 | D:3      | Slain by Tiareth's ghost

Skill      XL: |  1  2 |
---------------+-------+-----
Armour         | 4 |  4.2
Shields        | 4 |  4.2
Fighting       | 4 |  4.2
Axes           | 3 |  3.2

Action                   || total
-------------------------++-------
Melee: War axe           ||    95
       Headbutt          ||    20
  Use: Potion            ||     1
  Eat: Chunk             ||     2
Armor: Scale mail        ||    59
Dodge: Dodged            ||    33
Block: Shield            ||    53
